 Dungeon Crawl Stone Soup version 0.18-a0-1721-gc4d1f22 (webtiles) character file.

47461 vev the Bludgeoner (level 14, 0/137 HPs)
             Began as an Ogre Arcane Marksman on Apr 9, 2016.
             Was a High Priest of Elyvilon.
             Slain by a black mamba (13 damage)
             ... on level 4 of the Lair of Beasts on Apr 10, 2016.
             The game lasted 02:01:37 (22474 turns).

vev the Bludgeoner (Ogre Arcane Marksman)          Turns: 22474, Time: 02:01:39

Health: 0/137      AC: 12    Str: 21    XL:     14   Next: 42%
Magic:  15/21      EV: 14    Int: 10    God:    Elyvilon [*****.]
Gold:   1134       SH:  0    Dex: 21    Spells: 5 memorised, 12 levels left

rFire  . . .     SeeInvis .     a - +2 giant spiked club
rCold  . . .     Gourm    .     T - +1 troll leather armour
rNeg   . . .     Faith    .     (shield currently unavailable)
rPois  .         Spirit   .     G - +2 hat {MR+}
rElec  .         Dismiss  +     l - +2 cloak
rCorr  .         Reflect  .     (gloves unavailable)
SustAt .         Harm     .     (boots unavailable)
MR     ++...     Clarity  +     k - amulet of dismissal
Stlth  ++........               R - +3 ring of dexterity
                                S - +5 ring of dexterity

@: lethally poisoned (0 -> -2), very slightly contaminated, repel missiles, very
resistant to hostile enchantments, unstealthy
A: unfitting armour, agile 1, clarity, dopey 1, tough skin 1, wild magic 1
a: Lesser Healing, Heal Other, Purification, Greater Healing, Divine Vigour,
Divine Protection, Renounce Religion


You were on level 4 of the Lair of Beasts.
You worshipped Elyvilon.
Elyvilon was extremely pleased with you.
You were very hungry.

You visited 3 branches of the dungeon, and saw 17 of its levels.
You visited the Abyss 1 time.
You also visited: Sewer and Ossuary.

You collected 1134 gold pieces.

Inventory:

Hand Weapons
 a - a +2 giant spiked club (weapon)
 h - a +0 giant spiked club
 i - a +0 blowgun
 E - the +10 flail of the Goat {venom, *Noise rC++ SInv Stlth+}
   (You found it on level 5 of the Lair of Beasts)

   It poisons the flesh of those it strikes.
   It greatly protects you from cold.
   It lets you see invisible.
   It may make noises in combat.
   It makes you more stealthy.
Missiles
 d - 8 throwing nets
 u - 4 large rocks
 K - 9 javelins (quivered)
 V - 4 curare-tipped needles
Armour
 l - a +2 cloak (worn)
 G - a +2 hat of magic resistance (worn)
 T - a +1 troll leather armour (worn)
Jewellery
 k - an amulet of dismissal (around neck)
 y - an uncursed amulet of magic regeneration
 O - an uncursed ring of resist corrosion
 R - a +3 ring of dexterity (right hand)
 S - a +5 ring of dexterity (left hand)
Wands
 e - a wand of teleportation (5/9)
 B - a wand of digging (22/24)
 N - a wand of lightning (6/15)
 U - a wand of teleportation (4/9)
Scrolls
 g - 9 scrolls of remove curse
 r - 7 scrolls of teleportation
 w - a scroll of identify
 F - 4 scrolls of recharging
 I - 4 scrolls of blinking
 J - 2 scrolls of immolation
 M - a scroll of amnesia
 Y - a scroll of vulnerability {unknown}
Potions
 m - 9 potions of curing
 o - 3 potions of magic
 q - 2 potions of resistance
 s - a potion of cure mutation {unknown}
 v - 3 potions of flight
 z - 6 potions of brilliance
 A - 2 potions of heal wounds
 P - a potion of haste {unknown}
 W - a potion of berserk rage
Books
 b - a book of Minor Magic

   Spells                             Type                      Level
   a - Magic Dart                     Conjuration                  1
   b - Blink                          Translocation                2
   c - Call Imp                       Summoning                    2
   d - Repel Missiles                 Charms/Air                   2
   e - Slow                           Hexes                        2
   f - Conjure Flame                  Conjuration/Fire             3
   g - Mephitic Cloud                 Conjuration/Poison/Air       3
 c - a book of Battle

   Spells                             Type                      Level
   a - Infusion                       Charms                       1
   b - Shroud of Golubria             Charms/Translocation         2
   c - Song of Slaying                Charms                       2
   d - Spectral Weapon                Hexes/Charms                 3
   e - Regeneration                   Charms/Necromancy            3
 j - a book of Debilitation

   Spells                             Type                      Level
   a - Corona                         Hexes                        1
   b - Slow                           Hexes                        2
   c - Gell's Gravitas                Hexes/Translocation          3
   d - Inner Flame                    Hexes/Fire                   3
   e - Cause Fear                     Hexes                        4
   f - Leda's Liquefaction            Hexes/Earth                  4
 t - a book of Transfigurations

   Spells                             Type                      Level
   a - Irradiate                      Conjuration/Transmutation    5
   b - Statue Form                    Transmutation/Earth          6
   c - Hydra Form                     Transmutation                6
   d - Dragon Form                    Transmutation                7
 C - a book of Clouds

   Spells                             Type                      Level
   a - Mephitic Cloud                 Conjuration/Poison/Air       3
   b - Conjure Flame                  Conjuration/Fire             3
   c - Poisonous Cloud                Conjuration/Poison/Air       6
   d - Freezing Cloud                 Conjuration/Ice/Air          6
   e - Ring of Flames                 Charms/Fire                  7
 D - a book of Callings

   Spells                             Type                      Level
   a - Summon Small Mammal            Summoning                    1
   b - Call Imp                       Summoning                    2
   c - Call Canine Familiar           Summoning                    3
   d - Summon Guardian Golem          Hexes/Summoning              3
   e - Summon Lightning Spire         Summoning/Air                4
   f - Summon Ice Beast               Ice/Summoning                4
 L - a book of Dreams

   Spells                             Type                      Level
   a - Ensorcelled Hibernation        Hexes/Ice                    2
   b - Silence                        Hexes/Air                    5
   c - Darkness                       Hexes                        6
   d - Shadow Creatures               Summoning                    6
Miscellaneous
 X - an ornate deck of wonders
Comestibles
 f - 15 bread rations
 n - a royal jelly
 p - 4 beef jerkies
 x - 2 meat rations
 H - a slice of pizza
 Q - 6 chunks of flesh
 Z - 14 fruits


   Skills:
 - Level 8.7 Fighting
 + Level 20.5 Maces & Flails
 - Level 4.2 Throwing
 - Level 4.6 Armour
 - Level 6.1 Dodging
 * Level 5.1 Spellcasting
 - Level 4.0 Hexes
 - Level 6.7 Charms
 - Level 2.8 Translocations
 - Level 2.2 Ice Magic
 - Level 3.0 Air Magic
 - Level 4.6 Invocations


You had 12 spell levels left.
You knew the following spells:

 Your Spells              Type           Power        Failure   Level  Hunger
a - Corona                Hex            ##.....      10%         1    None
c - Blink                 Tloc           N/A          21%         2    ##.....
m - Repel Missiles        Chrm/Air       ###...       10%         2    ##.....
s - Spectral Weapon       Hex/Chrm       ###.....     14%         3    ###....
z - Ozocubu's Armour      Chrm/Ice       ##......     21%         3    ###....


Dungeon Overview and Level Annotations

Branches:
Dungeon (11/15)            Temple (1/1) D:4            Lair (5/8) D:10
 Spider (0/4) Lair:3          Orc (0/2) D:11
  Swamp: Lair:3-6    Shoals: Lair:3-6

Altars:
Ashenzari
Cheibriados
Dithmenos
Elyvilon
Fedhas
Gozag
Kikubaaqudgha
Makhleb
Nemelex Xobeh
Okawaru
Pakellas
Qazlal
Ru
Sif Muna
Trog
Vehumet
Xom
Yredelemnul
Zin
The Shining One

Shops:
D:5 *

Annotations:
Lair:4 1 exclusion


Innate Abilities, Weirdness & Mutations

You are too large for most types of armour.
You have tough skin (AC +1).
You are agile. (Dex +2)
You possess an exceptional clarity of mind.
You are dopey. (Int -2)
Your spells are a little harder to cast, but a little more powerful.


Message History

The black mamba bites you but does no damage.
The black mamba bites you.
* * * LOW HITPOINT WARNING * * *
You are more poisoned.
The black mamba poisons you!
Drink which item? (? for menu, Esc to quit)
You feel better. The black mamba bites you.
* * * LOW HITPOINT WARNING * * *
Unknown command.
Throwing (i - inventory. (,) - cycle):
K - 10 javelins (quivered)
Press: ? - help, Shift-Dir - straight line, f - black mamba
Aim: a black mamba (almost dead)
You throw a javelin.
The javelin barely misses the black mamba.
The black mamba bites you!
* * * LOW HITPOINT WARNING * * *
You are poisoned.
The black mamba poisons you! The black mamba misses you.
The black mamba bites you!
You die...

#........##
.........#
....#....#
........## ...#...##
........# ###
....#..## #.#
.......# ##.######
.#.....#####....@S(#
#........##...#...##
##...[.......#.....#
##......<....#.....#
.#..........<.....##
..[....#.#....##.##
........#.....####
..............##
........(≈.....#


You could see a black mamba.

Vanquished Creatures
  Rupert (Lair:3)
  Gastronok (Lair:3)
  The ghost of ReniFell the Cleaver, a journeyman MiFi of Okawaru (D:11)
  Josephine (Lair:4)
  Harold (Lair:4)
  6 hydras
  The ghost of barb4r1an the Fighter, a novice MiBe of Trog (D:8)
  Urug (Lair:3)
  Sonja (Lair:4)
  The ghost of Xenophilius the Covert, a novice DEEn of Okawaru (Lair:3)
  A hill giant (D:10)
  A griffon (D:10)
  11 elephants
  5 black mambas
  Joseph (D:9)
  19 spiny frogs
  A rime drake (Lair:3)
  5 komodo dragons
  2 trolls (D:10)
  20 blink frogs
  A two-headed ogre (D:8)
  Grinder (D:6)
  Sigmund (D:7)
  2 wyverns
  5 wraiths (Lair:4)
  26 yaks
  A basilisk (Lair:1)
  2 steam dragons (Lair:3)
  10 hippogriffs
  Edmund (D:7)
  7 porcupines
  11 water moccasins
  2 swamp drakes (Lair:4)
  3 orc warriors
  6 ice beasts
  3 sky beasts
  A necrophage (D:9)
  2 black bears
  2 phantoms (D:9)
  8 ogres
  A wolf (Lair:2)
  11 crocodiles
  10 centaurs
  3 big kobolds
  Blork the orc (D:4)
  A wyvern zombie (D:8)
  8 giant frogs
  A water moccasin zombie (D:7)
  2 wyvern skeletons
  8 scorpions (Ossuary)
  3 killer bees (D:9)
  7 jellies
  3 wights (D:10)
  9 howler monkeys
  2 centaur zombies
  4 crimson imps
  A quasit (D:10)
  11 hounds
  2 giant frog skeletons
  6 orc priests
  Crazy Yiuf (D:2)
  12 iguanas
  Ijyb (D:2)
  7 orc wizards
  4 big kobold zombies (Ossuary)
  9 sheep
  A hound zombie (D:10)
  A hound skeleton (D:10)
  A howler monkey zombie (D:5)
  2 mummies (Ossuary)
  4 gnolls (D:5)
  A howler monkey skeleton (D:7)
  4 scorpion zombies (Ossuary)
  13 adders
  43 river rats
  A shadow imp (D:7)
  An ooze (D:4)
  An adder zombie (D:10)
  3 worms
  A dart slug (D:2)
  6 giant geckos
  34 orcs
  3 bats
  5 giant cockroaches
  6 goblins
  6 hobgoblins
  13 jackals
  5 quokkas
  3 ball pythons
  5 giant newts
  2 gnoll zombies (Ossuary)
  2 hobgoblin zombies (Ossuary)
  16 kobolds
  3 kobold zombies (Ossuary)
  An orc zombie (Ossuary)
  8 rats
  A fungus (D:7)
  A plant (Lair:4)
501 creatures vanquished.

Vanquished Creatures (collateral kills)
  A sheep (Lair:3)
1 creature vanquished.

Vanquished Creatures (others)
  A human (D:10)
  A big kobold zombie (Ossuary)
  A mummy (Ossuary)
  A river rat (Lair:4)
  An orc (D:11)
  A gnoll zombie (Ossuary)
  A kobold zombie (Ossuary)
  10 fungi
  6 plants
  2 spectral weapons (Lair:5)
25 creatures vanquished.

Grand Total: 527 creatures vanquished

Notes
Turn   | Place    | Note
--------------------------------------------------------------
     0 | D:1      | vev the Ogre Arcane Marksman began the quest for the Orb.
     0 | D:1      | Reached XP level 1. HP: 19/19 MP: 2/2
    78 | D:1      | Reached XP level 2. HP: 26/29 MP: 3/3
    90 | D:1      | You fall through a shaft!
    91 | D:2      | Found a shimmering altar of Xom.
    92 | D:2      | Noticed Ijyb
   123 | D:3      | Found an oddly glowing altar of Pakellas.
   537 | D:3      | Reached XP level 3. HP: 28/39 MP: 2/4
   879 | D:2      | Killed Ijyb
   879 | D:2      | Reached skill level 5 in Fighting
   879 | D:2      | Reached XP level 4. HP: 7/50 MP: 3/5
  1416 | D:2      | Found a snail-covered altar of Cheibriados.
  1845 | D:2      | Reached skill level 1 in Maces & Flails
  1845 | D:2      | Reached XP level 5. HP: 29/59 MP: 4/6
  2418 | D:2      | Noticed Crazy Yiuf
  2429 | D:2      | Killed Crazy Yiuf
  2429 | D:2      | Reached skill level 2 in Maces & Flails
  2533 | D:3      | Reached skill level 3 in Maces & Flails
  2891 | D:3      | Reached skill level 4 in Maces & Flails
  2900 | D:3      | Found a burning altar of Makhleb.
  2911 | D:3      | Reached XP level 6. HP: 57/67 MP: 7/7
  3091 | D:4      | Found a burning altar of Makhleb.
  3119 | D:4      | Reached skill level 5 in Maces & Flails
  3216 | D:4      | Reached skill level 6 in Maces & Flails
  3264 | D:4      | Found a glowing drain.
  3280 | Sewer    | Entered a sewer
  3349 | Sewer    | Reached XP level 7. HP: 56/75 MP: 8/8
  3670 | Sewer    | Found a white marble altar of Elyvilon.
  3680 | Sewer    | Became a worshipper of Elyvilon the Healer
  3775 | D:4      | Found a staircase to the Ecumenical Temple.
  3782 | Temple   | Entered the Ecumenical Temple
  4499 | D:4      | Reached skill level 1 in Invocations
  4587 | D:4      | Noticed Blork the orc
  4599 | D:4      | Killed Blork the orc
  4958 | D:5      | Entered Level 5 of the Dungeon
  5083 | D:5      | Found a glowing golden altar of the Shining One.
  5207 | D:5      | Found Wemorph's General Store.
  5272 | D:5      | Reached * piety under Elyvilon
  5638 | D:5      | Reached XP level 8. HP: 50/84 MP: 9/9
  6102 | D:5      | Reached skill level 7 in Maces & Flails
  6705 | D:6      | Noticed Grinder
  6854 | D:6      | Paralysed by Grinder for 3 turns
  6876 | D:6      | Killed Grinder
  7093 | D:6      | Reached ** piety under Elyvilon
  7191 | D:6      | Reached skill level 5 in Dodging
  7209 | D:6      | Found a blossoming altar of Fedhas.
  7719 | D:6      | Reached XP level 9. HP: 81/96 MP: 8/12
  8176 | D:7      | Found a sand-covered staircase.
  8202 | Ossuary  | Entered an ossuary
  8444 | Ossuary  | Reached skill level 8 in Maces & Flails
  9218 | Ossuary  | Gained mutation: You possess an exceptional clarity of mind. [potion of mutation]
  9218 | Ossuary  | Gained mutation: You are clumsy. (Dex -2) [potion of mutation]
  9218 | Ossuary  | Gained mutation: Your spells are a little harder to cast, but a little more powerful. [potion of mutation]
  9219 | Ossuary  | Lost mutation: You are clumsy. (Dex -2) [potion of mutation]
  9219 | Ossuary  | Gained mutation: You are dopey. (Int -2) [potion of mutation]
  9219 | Ossuary  | Gained mutation: You are agile. (Dex +2) [potion of mutation]
  9308 | D:7      | Found an opulent altar of Gozag.
  9426 | D:7      | Found a bloodstained altar of Trog.
  9512 | D:7      | Reached *** piety under Elyvilon
  9897 | D:7      | Noticed Sigmund
  9898 | D:7      | Noticed Edmund
  9905 | D:7      | Killed Edmund
  9905 | D:7      | Reached skill level 9 in Maces & Flails
  9920 | D:7      | Killed Sigmund
 10299 | D:7      | Reached skill level 10 in Maces & Flails
 10533 | D:8      | Noticed barb4r1an's ghost (novice MiBe)
 11082 | D:8      | Reached XP level 10. HP: 104/106 MP: 13/13
 11177 | D:8      | Reached skill level 11 in Maces & Flails
 11758 | D:8      | Reached skill level 12 in Maces & Flails
 11877 | D:9      | Noticed Joseph
 12232 | D:8      | Killed barb4r1an's ghost
 12232 | D:8      | Reached skill level 13 in Maces & Flails
 12400 | D:9      | Reached **** piety under Elyvilon
 12945 | D:9      | Found a sparkling altar of Nemelex Xobeh.
 12949 | D:9      | Reached skill level 14 in Maces & Flails
 13029 | D:9      | Killed Joseph
 13496 | D:9      | Reached XP level 11. HP: 104/113 MP: 14/14
 13543 | D:9      | Reached skill level 15 in Maces & Flails
 13735 | D:10     | Entered Level 10 of the Dungeon
 13844 | D:10     | Found a staircase to the Lair.
 13922 | D:10     | Noticed a griffon
 13933 | D:10     | Killed a griffon
 14101 | D:10     | Reached skill level 1 in Armour
 14152 | D:10     | Noticed a hill giant
 14162 | D:10     | Killed a hill giant
 14174 | D:10     | Found an ancient bone altar of Kikubaaqudgha.
 14758 | D:11     | Noticed ReniFell's ghost (journeyman MiFi)
 14809 | D:11     | Killed ReniFell's ghost
 14997 | D:11     | Reached skill level 16 in Maces & Flails
 15007 | D:11     | Found a staircase to the Orcish Mines.
 15681 | Lair:1   | Entered Level 1 of the Lair of Beasts
 15722 | Lair:1   | Reached skill level 17 in Maces & Flails
 15908 | Lair:1   | Reached XP level 12. HP: 121/121 MP: 13/15
 16171 | Lair:1   | Reached skill level 18 in Maces & Flails
 16278 | Lair:1   | Noticed a four-headed hydra
 16487 | Lair:1   | Noticed a seven-headed hydra
 16491 | Lair:1   | Killed a seven-headed hydra
 17034 | Lair:2   | Reached skill level 19 in Maces & Flails
 17040 | Lair:2   | Reached ***** piety under Elyvilon
 17133 | Lair:2   | Killed a four-headed hydra
 17333 | Lair:2   | Learned a level 3 spell: Spectral Weapon
 17339 | Lair:2   | Learned a level 2 spell: Blink
 17343 | Lair:2   | Learned a level 3 spell: Ozocubu's Armour
 17346 | Lair:2   | Learned a level 2 spell: Repel Missiles
 17672 | Lair:2   | Reached skill level 1 in Ice Magic
 17678 | Lair:2   | Reached skill level 1 in Translocations
 17684 | Lair:2   | Reached XP level 13. HP: 62/127 MP: 16/16
 17913 | Lair:3   | Reached skill level 1 in Charms
 17913 | Lair:3   | Reached skill level 1 in Air Magic
 17926 | Lair:3   | Noticed Xenophilius's ghost (novice DEEn)
 17930 | Lair:3   | Noticed Urug
 18299 | Lair:3   | Noticed Gastronok
 18830 | Lair:3   | Noticed Sonja
 18885 | Lair:3   | Noticed Rupert
 18943 | Lair:4   | Noticed Harold
 19190 | Lair:3   | Killed Xenophilius's ghost
 19221 | Lair:3   | Killed Rupert
 19226 | Lair:3   | Found a hole to the Spider Nest.
 19905 | Lair:3   | Killed Urug
 20360 | Lair:3   | Killed Gastronok
 20620 | Lair:4   | Noticed Josephine
 20727 | Lair:4   | Cast into level 2 of the Abyss (Sonja)
 20740 | Lair:4   | Escaped the Abyss
 20854 | Lair:4   | Reached skill level 5 in Charms
 20915 | Lair:4   | Killed Harold
 20927 | Lair:4   | Killed Josephine
 20927 | Lair:4   | Reached XP level 14. HP: 92/137 MP: 20/20
 21037 | Lair:4   | Killed Sonja
 21758 | Lair:5   | Reached skill level 20 in Maces & Flails
 21825 | Lair:5   | Got a jewelled flail
 21826 | Lair:5   | Identified the +10 flail of the Goat {venom, *Noise rC++ SInv Stlth+} (You found it on level 5 of the Lair of Beasts)
 22322 | Lair:5   | Reached skill level 5 in Spellcasting
 22474 | Lair:4   | Slain by a black mamba

Vault maps used:
D:1:      ncdulo_wetmaze
D:2:      lemuel_crystal_altar, xom_teletrap_fun, uniq_crazy_yiuf_cottage,
          uniq_iyjb
D:3:      grunt_pakellas_mercury, makhleb_heckhound_becter
D:4:      wad_lake_hut, nicolae_overflow_crystal_walls,
          minmay_temple_entry_mist, gup_sewer_entry_bubbles, first_bread,
          uniq_blork_the_orc
D:5:      tso_altar, serial_shops, nicolae_shop_waterfront, corexii_corridor_pit
D:6:      lemuel_round_altar, serial_park_tiny_1, kennysheep_small_spiral,
          uniq_grinder
D:7:      nicolae_gozag_cash_rules_everything_around_me,
          nicolae_ossuary_entry_false_entrances, basic_altar,
          minmay_misc_feat_alley, grunt_ogre_cave, minmay_gold_behind_fungi,
          sigmund_edmund_badplayer
D:9:      nemelex_xobeh_ov_fountains_minmay, uniq_joseph
D:10:     lair_0_dummy, minmay_variable_closet, tgw_kikubaaqudgha
D:11:     erik_orc_4, serial_curves, eino_curves_01, eino_curves_01,
          kennysheep_generic_room_14
Temple:   circular_temple_12
Lair:1:   minivault_19, minmay_holes, grunt_megastairs_4
Lair:2:   lemuel_fruit_tree
Lair:3:   dummy_spider_entry, beast_lair_carwin_1, uniq_gastronok, uniq_rupert,
          uniq_sonja, uniq_urug
Lair:4:   guppyfry_lair_drakes, uniq_josephine, uniq_harold
Lair:5:   minmay_shoals_entry_lonely_mermaid
Sewer:    sewer_kobolds
Ossuary:  ossuary_minmay_scorpions

Skill      XL: |  1  2  3  4  5  6  7  8  9 10 11 12 13 14 |
---------------+-------------------------------------------+-----
Fighting       | 2 3 5 6 7 8 |  8.7
Maces & Flails | 1 4 6 7 10 14 17 19 20 | 20.5
Dodging        | 2 3 5 6 |  6.1
Invocations    | 2 4 |  4.6
Throwing       | 3 4 |  4.2
Armour         | 4 |  4.6
Spellcasting   | 2 4 5 |  5.1
Ice Magic      | 1 2 |  2.2
Translocations | 1 2 |  2.8
Charms         | 5 6 |  6.7
Air Magic      | 3 |  3.0
Hexes          | 4 |  4.0

Action                   |  1- 3 |  4- 6 |  7- 9 | 10-12 | 13-15 || total
-------------------------+-------+-------+-------+-------+-------++-------
Melee: Unarmed           |    14 |       |       |       |       ||    14
       Dagger            |   132 |    24 |    13 |       |       ||   169
       Whip              |       |   106 |       |       |       ||   106
       Quarterstaff      |       |    85 |     9 |       |       ||    94
       Flail             |       |       |   421 |    12 |       ||   433
       Mace              |       |       |    39 |       |       ||    39
       Giant club        |       |       |     2 |       |       ||     2
       Giant spiked club |       |       |    63 |   627 |   481 ||  1171
 Fire: Blowgun           |     3 |     4 |    17 |     5 |    17 ||    46
Throw: Large rock        |     4 |       |       |    11 |    13 ||    28
       Throwing net      |     1 |       |       |       |     3 ||     4
       Javelin           |       |       |       |    13 |    20 ||    33
 Cast: Corona            |    11 |    10 |    52 |     1 |     2 ||    76
       Repel Missiles    |       |       |       |       |     3 ||     3
       Ozocubu's Armour  |       |       |       |       |     4 ||     4
       Blink             |       |       |       |       |     1 ||     1
       Spectral Weapon   |       |       |       |       |     5 ||     5
Invok: Heal Other        |       |       |       |     3 |       ||     3
       Greater Healing   |       |       |       |     1 |     1 ||     2
       Lesser Healing    |       |       |       |     1 |       ||     1
  Use: Scroll            |       |     1 |    15 |     9 |     9 ||    34
       Potion            |       |       |     3 |     3 |     4 ||    10
 Stab: Held in net/web   |     1 |       |       |       |       ||     1
       Paralysed         |       |     3 |    11 |       |       ||    14
       Sleeping          |       |       |       |       |     4 ||     4
       Distracted        |       |       |       |       |     4 ||     4
       Confused          |       |       |       |       |     2 ||     2
  Eat: Chunk             |       |     7 |    15 |    22 |    15 ||    59
       Beef jerky        |       |     1 |     2 |     2 |       ||     5
       Meat ration       |       |       |     2 |       |       ||     2
       Pizza             |       |       |       |       |     1 ||     1
